 Dungeon Crawl Stone Soup version 0.21-a0-153-g78480df (webtiles) character file.

114 AverageBear the Cutter (level 4, -1/27 HPs)
             Began as a Deep Elf Fighter on July 31, 2017.
             Slain by Natasha (5 damage)
             ... on level 2 of the Dungeon.
             The game lasted 00:02:55 (1911 turns).

AverageBear the Cutter (Deep Elf Fighter)           Turns: 1911, Time: 00:02:55

Health: -1/27      AC:  8    Str: 14    XL:     4   Next: 66%
Magic:  6/6        EV:  8    Int: 13    God:
Gold:   91         SH:  4    Dex: 14    Spells: 3/3 levels left

rFire    . . .     SeeInvis .   a - +0 rapier
rCold    . . .     Gourm    +   r - +0 buckler
rNeg     . . .     Faith    .   b - +0 scale mail
rPois    .         Spirit   .   (no helmet)
rElec    .         Reflect  .   (no cloak)
rCorr    .         Harm     .   l - +0 pair of gloves
MR       .....                  (no boots)
Stlth    ..........             p - amulet of the gourmand
HPRegen  0.09/turn              e - ring of wizardry
MPRegen  0.10/turn              n - +1 ring of protection

@: slowed, very slow
A: no striking features
a: no special abilities


You were on level 2 of the Dungeon.
You were very full.

You visited 1 branch of the dungeon, and saw 2 of its levels.

You collected 91 gold pieces.

Inventory:

Hand Weapons
 a - a +0 rapier (weapon)
Armour
 b - a +0 scale mail (worn)
 c - a +0 shield
 l - a +0 pair of gloves (worn)
 r - a +0 buckler (worn)
Jewellery
 e - a ring of wizardry (left hand)
 n - a +1 ring of protection (right hand)
 p - an amulet of the gourmand (around neck)
Wands
 s - a wand of paralysis (13/24)
Potions
 j - 3 potions of haste
Comestibles
 f - 3 bread rations
 g - 4 meat rations


   Skills:
 - Level 2.4 Fighting
 + Level 5.0 Short Blades
 - Level 2.4 Armour
 - Level 2.4 Shields


You had 3 spell levels left.
You didn't know any spells.

Dungeon Overview and Level Annotations

Branches:
Dungeon (2/15)

Altars:
Qazlal

Annotations:
D:2 Natasha


Message History

You are too injured to fight recklessly!
You are too injured to fight recklessly!
You barely miss Natasha.
Natasha is lightly wounded.
Natasha barely misses you. The iron imp hits you. Natasha claws you.
You closely miss Natasha.
Natasha is lightly wounded.
The iron imp hits you but does no damage.
Natasha wildly gestures.
Natasha shimmers violently.
Natasha claws you but does no damage.
You hit Natasha.
Natasha is moderately wounded.
Natasha claws you. You block the iron imp's attack. Natasha claws you.
* * * LOW HITPOINT WARNING * * *
The iron imp closely misses you.
You barely miss Natasha.
Natasha is moderately wounded.
Natasha claws you.
You die...

#...#........#.#........
#.......^...<..########.
#.###..####..#..........
#.#....####..#.......#.#
#.#..........#.####..#..
#.####.###...#..........
#..........<.#........#.
#..........#.#........#.
#......@...#.#.......##.
#.....h5...#.#..........
#.......)..#.#.......##.
#..........#.#...)...##.
#..........#.#.###...##.
#..........#.#.###...##.
##........##.(.......##.
#............(.........
####........().......#


You could see an iron imp and Natasha.

Vanquished Creatures
  An iguana (D:2)
  Natasha (D:2)
  An adder (D:2)
  An ooze (D:2)
  A dart slug (D:2)
  6 bats
  6 giant cockroaches
  6 hobgoblins
  3 quokkas (D:2)
  2 frilled lizards
  7 goblins
  7 kobolds
  3 rats
45 creatures vanquished.

Notes
Turn   | Place    | Note
-------+----------+-------------------------------------------
     0 | D:1      | AverageBear the Deep Elf Fighter began the quest for the Orb.
     0 | D:1      | Reached XP level 1. HP: 13/13 MP: 3/3
   221 | D:1      | Reached XP level 2. HP: 16/18 MP: 4/4
   627 | D:1      | Reached skill level 3 in Short Blades
  1007 | D:2      | Reached XP level 3. HP: 17/22 MP: 5/5
  1267 | D:2      | Found a transporter.
  1273 | D:2      | Found a transporter.
  1282 | D:2      | Found a stormy altar of Qazlal.
  1338 | D:2      | Reached skill level 4 in Short Blades
  1342 | D:2      | Reached XP level 4. HP: 22/27 MP: 6/6
  1507 | D:2      | Noticed Natasha
  1529 | D:2      | Killed Natasha
  1759 | D:2      | Reached skill level 5 in Short Blades
  1900 | D:2      | Noticed Natasha
  1911 | D:2      | Slain by Natasha

Vault maps used:
D:1:      lemuel_arrival_funnel
D:2:      gammafunk_temple_overflow_arena, first_bread, minivault_19,
          minivault_27, uniq_natasha

Skill      XL: |  1  2  3  4 |
---------------+-------------+-----
Short Blades   | 3 4 5 |  5.0
Fighting       | |  2.4
Armour         | |  2.4
Shields        | |  2.4

Action                   |  1- 3 |  4- 6 || total
-------------------------+-------+-------++-------
Melee: Rapier            |   125 |    41 ||   166
  Use: Scroll            |     1 |     2 ||     3
       Potion            |     1 |     4 ||     5
  Eat: Chunk             |     1 |    17 ||    18
Armor: Scale mail        |    62 |    33 ||    95
Dodge: Dodged            |    34 |    25 ||    59
Block: Shield            |    63 |       ||    63
       Buckler           |       |    15 ||    15
